 Dungeon Sprint DCSS version 0.29-a0-297-g7659ce593d (webtiles) character file.

Game seed: 9349646234307829145

2500000 epen the Champion of Chaos (level 18, -76/171 HPs)
             Began as a Gnoll Monk on Mar 20, 2022.
             Was the Champion of Makhleb.
             Annihilated by a destroyer
             ... wielding a +9 vorpal great sword
              (247 damage)
             ... in the Dungeon (Sprint VIII: "Arena of Blood").
             The game lasted 00:00:54 (25 turns).

epen the Champion of Chaos (Gnoll Monk)               Turns: 25, Time: 00:00:55

Health: -76/171    AC:  4    Str: 13    XL:     18   Next: 49%
Magic:  4/44       EV: 29    Int: 10    God:    Makhleb [******]
Gold:   0          SH:  0    Dex: 20    Spells: 62/62 levels left

rFire   . . .      SeeInvis .   j - +∞ Axe of Woe
rCold   . . .      Faith    .   (shield currently unavailable)
rNeg    . . .      Spirit   .   b - +0 robe
rPois   .          Reflect  .   (no helmet)
rElec   .          Harm     .   (no cloak)
rCorr   .          Rampage  .   (no gloves)
Will    +....      NoTele   +   (no boots)
Stlth   +++++++++.              (no amulet)
HPRegen 0.38/turn               (no ring)
MPRegen 0.29/turn               (no ring)

@: no status effects
A: fangs 1, strong nose, distributed training
a: Renounce Religion, Minor Destruction, Lesser Servant of Makhleb, Major
Destruction, Greater Servant of Makhleb


You were in the Dungeon.
You worshipped Makhleb.
Makhleb was exalted by your worship.
You visited 1 branch

Inventory:

Hand Weapons
 a - a +0 hand axe
 j - the +∞ Axe of Woe (weapon)
   (You found it in the Dungeon)
Armour
 b - a +0 robe (worn)
Jewellery
 k - a +30 ring of slaying
 l - a +30 ring of slaying
Scrolls
 i - a scroll of blinking
Potions
 c - a potion of ambrosia
 d - a potion of curing
 e - a potion of heal wounds
 f - a potion of haste
 g - 2 potions of magic
 h - a potion of berserk rage


   Skills:
 + Level 23.2 Fighting
 + Level 22.5 Short Blades
 + Level 22.5 Long Blades
 + Level 23.2 Axes
 + Level 22.5 Maces & Flails
 + Level 22.5 Polearms
 + Level 22.5 Staves
 + Level 22.5 Slings
 + Level 22.5 Bows
 + Level 22.5 Crossbows
 + Level 22.5 Throwing
 + Level 22.5 Armour
 + Level 23.2 Dodging
 + Level 22.8 Stealth
 + Level 22.5 Shields
 + Level 22.5 Unarmed Combat
 + Level 22.5 Spellcasting
 + Level 19.3 Conjurations
 + Level 19.3 Hexes
 + Level 19.3 Summonings
 + Level 19.3 Necromancy
 + Level 19.3 Translocations
 + Level 19.3 Transmutations
 + Level 19.3 Fire Magic
 + Level 19.3 Ice Magic
 + Level 19.3 Air Magic
 + Level 19.3 Earth Magic
 + Level 19.3 Poison Magic
 + Level 24.3 Invocations
 + Level 22.5 Evocations


You had 62 spell levels left.
You didn't know any spells.
Your spell library was empty.

Dungeon Overview and Level Annotations

Branches:
Dungeon (1/1)

Altars:
Makhleb


Innate Abilities, Weirdness & Mutations

You have very sharp teeth.
Your uncanny sense of smell can sniff out nearby items.
Your experience applies equally to all skills.


Message History

Your Spellcasting skill increases to level 22!
Your Conjurations skill increases to level 19!
Your Hexes skill increases to level 19!
Your Summonings skill increases to level 19!
Your Necromancy skill increases to level 19!
Your Translocations skill increases to level 19!
Your Transmutations skill increases to level 19!
Your Fire Magic skill increases to level 19!
Your Ice Magic skill increases to level 19!
Your Air Magic skill increases to level 19!
Your Earth Magic skill increases to level 19!
Your Poison Magic skill increases to level 19!
Your Invocations skill increases to level 24!
Your Evocations skill increases to level 22!
Unknown command.
Unknown command.
Search for what [? for help]? .
You aren't carrying any pieces of jewellery.
Unknown command.
You aren't carrying any pieces of jewellery.
A meat berserker and 2 bags of meat come into view.
The bag of meat shouts!
You hear a shout! x4
A bag of meat comes into view. It is wielding a +9 war axe.
You hear a shout! x2
The destroyer points at you and mumbles some strange words.
The destroyer blinks!
You hear a shout! x6
The destroyer points at you and mumbles some strange words.
The destroyer blinks!
The bag of meat moves out of view.
Items here: ))) === †††.
k - a +30 ring of slaying;
l - a +30 ring of slaying You hear a shout! x6
The meat berserker rages.
A bag of meat comes into view. It is wielding a +9 war axe. x2
The destroyer casts a spell at you.
The destroyer blinks!
You hear a shout!
The destroyer hits you with a +9 vorpal great sword!!!!!
Ouch! That really hurt!
You die...

.......o. .
......... ..
...o.oo.. ...
#..ooo..# .#..
#§......#
.o...###.......###.
o......V).###......
#..O)@O)._......
#.o....)#)....#.
.....V..#_.<._#
#..V...O#.....#
..#OO...o.._......
..........###......
...§.###... ..###.
..... #... ..# #...
o#


You could see 3 destroyers, a large bag of meat (inner flame), 4 meat berserkers
and 11 bags of meat.

Vanquished Creatures
  A vampire knight (D)
  7 ogres (D)
  12 orcs (D)
20 creatures vanquished.

Notes
Turn   | Place    | Note
-------+----------+-------------------------------------------
     0 | D        | Found the +∞ Axe of Woe
     0 | D        | epen the Gnoll Monk began the quest for the Orb.
     0 | D        | Reached XP level 1. HP: 23/23 MP: 1/1
     3 | D        | Noticed a bag of meat
     3 | D        | Noticed a bag of meat
     6 | D        | Noticed a bag of meat
     7 | D        | Became a worshipper of Makhleb the Destroyer
     7 | D        | Reached * piety under Makhleb
     7 | D        | Reached ** piety under Makhleb
     8 | D        | Noticed a bag of meat
     9 | D        | Noticed a bag of meat
     9 | D        | Noticed a bag of meat
    10 | D        | Killed a bag of meat
    10 | D        | Noticed a meat berserker
    10 | D        | Noticed a meat berserker
    11 | D        | Reached skill level 10 in Stealth
    11 | D        | Reached skill level 10 in Invocations
    11 | D        | Reached XP level 2. HP: 38/38 MP: 1/12
    11 | D        | Reached XP level 3. HP: 44/44 MP: 1/14
    11 | D        | Reached XP level 4. HP: 51/51 MP: 1/15
    11 | D        | Reached XP level 5. HP: 57/57 MP: 1/17
    11 | D        | Reached XP level 6. HP: 63/63 MP: 1/18
    11 | D        | Reached XP level 7. HP: 69/69 MP: 1/20
    11 | D        | Reached XP level 8. HP: 76/76 MP: 1/21
    11 | D        | Reached XP level 9. HP: 82/82 MP: 1/22
    11 | D        | Reached XP level 10. HP: 89/89 MP: 1/23
    11 | D        | Reached XP level 11. HP: 95/95 MP: 1/24
    11 | D        | Killed a bag of meat
    11 | D        | Killed a bag of meat
    11 | D        | Noticed a meat berserker
    12 | D        | Reached skill level 10 in Conjurations
    12 | D        | Reached skill level 10 in Hexes
    12 | D        | Reached skill level 10 in Summonings
    12 | D        | Reached skill level 10 in Necromancy
    12 | D        | Reached skill level 10 in Translocations
    12 | D        | Reached skill level 10 in Transmutations
    12 | D        | Reached skill level 10 in Fire Magic
    12 | D        | Reached skill level 10 in Ice Magic
    12 | D        | Reached skill level 10 in Air Magic
    12 | D        | Reached skill level 10 in Earth Magic
    12 | D        | Reached skill level 10 in Poison Magic
    12 | D        | Reached skill level 13 in Invocations
    12 | D        | Reached XP level 12. HP: 106/106 MP: 1/28
    12 | D        | Killed a bag of meat
    12 | D        | Reached *** piety under Makhleb
    12 | D        | Noticed a meat berserker
    12 | D        | Noticed a bag of meat
    13 | D        | Reached skill level 14 in Invocations
    13 | D        | Reached XP level 13. HP: 114/114 MP: 1/30
    13 | D        | Killed a meat berserker
    13 | D        | Noticed a meat berserker
    13 | D        | Noticed a bag of meat
    13 | D        | Noticed a bag of meat
    14 | D        | Reached skill level 15 in Fighting
    14 | D        | Reached skill level 15 in Axes
    14 | D        | Reached skill level 15 in Dodging
    14 | D        | Reached skill level 15 in Invocations
    14 | D        | Reached XP level 14. HP: 123/123 MP: 1/32
    14 | D        | Noticed a bag of meat
    14 | D        | Noticed a bag of meat
    15 | D        | Killed a meat berserker
    15 | D        | Killed a meat berserker
    15 | D        | Reached **** piety under Makhleb
    16 | D        | Reached skill level 17 in Invocations
    16 | D        | Reached XP level 15. HP: 119/134 MP: 2/35
    16 | D        | Noticed a meat berserker
    16 | D        | Noticed a meat berserker
    17 | D        | Killed a meat berserker
    17 | D        | Killed a meat berserker
    17 | D        | Reached ***** piety under Makhleb
    18 | D        | Reached skill level 15 in Conjurations
    18 | D        | Reached skill level 15 in Hexes
    18 | D        | Reached skill level 15 in Summonings
    18 | D        | Reached skill level 15 in Necromancy
    18 | D        | Reached skill level 15 in Translocations
    18 | D        | Reached skill level 15 in Transmutations
    18 | D        | Reached skill level 15 in Fire Magic
    18 | D        | Reached skill level 15 in Ice Magic
    18 | D        | Reached skill level 15 in Air Magic
    18 | D        | Reached skill level 15 in Earth Magic
    18 | D        | Reached skill level 15 in Poison Magic
    18 | D        | Reached skill level 19 in Invocations
    18 | D        | Reached XP level 16. HP: 122/146 MP: 2/38
    19 | D        | Reached skill level 20 in Invocations
    19 | D        | Noticed a destroyer
    19 | D        | Noticed a destroyer
    20 | D        | Noticed a large bag of meat
    20 | D        | Noticed a destroyer
    20 | D        | Killed a meat berserker
    20 | D        | Noticed a meat berserker
    21 | D        | Reached skill level 22 in Invocations
    21 | D        | Reached XP level 17. HP: 158/158 MP: 3/41
    21 | D        | Killed a meat berserker
    21 | D        | Reached ****** piety under Makhleb
    21 | D        | Noticed a meat berserker
    22 | D        | Reached skill level 23 in Invocations
    23 | D        | Reached XP level 18. HP: 169/169 MP: 3/43
    23 | D        | Noticed a destroyer
    23 | D        | Killed a destroyer
    23 | D        | Noticed a meat berserker
    24 | D        | Reached skill level 24 in Invocations
    24 | D        | Noticed a meat berserker
    25 | D        | Annihilated by a destroyer

Illustrated notes

Levels and vault maps discovered:
D:        meatsprint

Skill      XL: |  1  2  3  4  5  6  7  8  9 10 11 12 13 14 15 16 17 18 |
---------------+-------------------------------------------------------+-----
Fighting       | 11 13 14 15 17 19 21 22 23 | 23.2
Short Blades   | 9 12 13 14 16 18 20 21 22 | 22.5
Long Blades    | 9 12 13 14 16 18 20 21 22 | 22.5
Axes           | 11 13 14 15 17 19 21 22 23 | 23.2
Maces & Flails | 9 12 13 14 16 18 20 21 22 | 22.5
Polearms       | 9 12 13 14 16 18 20 21 22 | 22.5
Staves         | 9 12 13 14 16 18 20 21 22 | 22.5
Slings         | 9 12 13 14 16 18 20 21 22 | 22.5
Bows           | 9 12 13 14 16 18 20 21 22 | 22.5
Crossbows      | 9 12 13 14 16 18 20 21 22 | 22.5
Throwing       | 9 12 13 14 16 18 20 21 22 | 22.5
Armour         | 9 12 13 14 16 18 20 21 22 | 22.5
Dodging        | 11 13 14 15 17 19 21 22 23 | 23.2
Stealth        | 10 12 13 14 16 18 20 22 | 22.8
Shields        | 9 12 13 14 16 18 20 21 22 | 22.5
Unarmed Combat | 9 12 13 14 16 18 20 21 22 | 22.5
Spellcasting   | 9 12 13 14 16 18 20 21 22 | 22.5
Conjurations   | 8 10 11 12 13 15 17 18 19 | 19.3
Hexes          | 8 10 11 12 13 15 17 18 19 | 19.3
Summonings     | 8 10 11 12 13 15 17 18 19 | 19.3
Necromancy     | 8 10 11 12 13 15 17 18 19 | 19.3
Translocations | 8 10 11 12 13 15 17 18 19 | 19.3
Transmutations | 8 10 11 12 13 15 17 18 19 | 19.3
Fire Magic     | 8 10 11 12 13 15 17 18 19 | 19.3
Ice Magic      | 8 10 11 12 13 15 17 18 19 | 19.3
Air Magic      | 8 10 11 12 13 15 17 18 19 | 19.3
Earth Magic    | 8 10 11 12 13 15 17 18 19 | 19.3
Poison Magic   | 8 10 11 12 13 15 17 18 19 | 19.3
Invocations    | 10 13 14 15 17 19 22 23 24 | 24.3
Evocations     | 9 12 13 14 16 18 20 21 22 | 22.5

Action                   |  1- 3 |  4- 6 |  7- 9 | 10-12 | 13-15 | 16-18 || total
-------------------------+-------+-------+-------+-------+-------+-------++-------
Melee: Executioner's axe |     1 |       |       |     2 |     3 |     6 ||    12

Table legend: (Time is in decaauts)
 A = Elapsed time spent in this place.
 B = Non-inter-level travel time spent in this place.
 C = Inter-level travel time spent in this place.
 D = Time resting spent in this place.
 E = Time spent auto-exploring this place.
 F = Levels seen in this place.
 G = Mean time per level.
                   A        B        C        D        E       F      G
               +--------+--------+--------+--------+--------+-----+--------+
         Total |     24 |     24 |      0 |      0 |      0 |   1 |   24.0 |
       Dungeon |     24 |     24 |      0 |      0 |      0 |   1 |   24.0 |
               +--------+--------+--------+--------+--------+-----+--------+

Top non-repeatable levels by time:
       D: 24 daAuts
